 Dungeon Crawl Stone Soup version 0.29-a0-337-g68df138881 (webtiles) character file.

Game seed: 11525777103691770863

37 garrulousMonolith the Firebug (level 3, -1/27 HPs)
             Began as a Draconian Fire Elementalist on Apr 16, 2022.
             Slain by Sigmund
             ... wielding a +0 scythe
              (6 damage)
             ... on level 2 of the Dungeon.
             The game lasted 00:02:32 (1575 turns).

garrulousMonolith the Firebug (DrFE)                Turns: 1575, Time: 00:02:33

Health: -1/27      AC:  5    Str: 10    XL:     3   Next: 21%
Magic:  3/6        EV: 12    Int: 17    God:
Gold:   99         SH:  0    Dex: 11    Spells: 3/6 levels left

rFire   . . .      SeeInvis .   d - +0 dagger
rCold   . . .      Faith    .   (no shield)
rNeg    . . .      Spirit   .   (body armour unavailable)
rPois   .          Reflect  .   (helmet restricted)
rElec   .          Harm     .   (no cloak)
rCorr   .          Rampage  .   (no gloves)
Will    .....                   (no boots)
Stlth   +.........              (no amulet)
HPRegen 0.09/turn               (no ring)
MPRegen 0.10/turn               (no ring)

@: confused
A: AC +5, unfitting armour, cold-blooded
a: no special abilities


You were on level 2 of the Dungeon.
You visited 1 branch of the dungeon, and saw 2 of its levels.

You collected 99 gold pieces.

Inventory:

Hand Weapons
 d - a +0 dagger (weapon)
Missiles
 c - 6 poisoned darts
 e - 26 stones
Scrolls
 a - a scroll of brand weapon
 f - a scroll of immolation
Potions
 b - a potion of attraction


   Skills:
 + Level 0.7 Fighting
 + Level 2.0 Dodging
 - Level 1.7 Stealth
 + Level 2.2 Spellcasting
 * Level 2.0 Conjurations
 * Level 3.3 Fire Magic


You had 3 spell levels left.
You knew the following spells:

 Your Spells              Type           Power      Damage    Failure   Level
a - Foxfire               Conj/Fire      44%        2x1d6     6%          1
b - Scorch                Fire           26%        2d6       7%          2

Your spell library contained the following spells:

 Spells                   Type           Power      Damage    Failure   Level
 Beastly Appendage        Tmut           2%         N/A       19%         1
 Conjure Flame            Conj/Fire      11%        6-21      19%         3
 Wereblood                Tmut           1%         N/A       28%         2
 Inner Flame              Hex/Fire       7%         N/A       28%         3
 Spider Form              Tmut/Pois      1%         N/A       50%         3
 Flame Wave               Conj/Fire      11%        2d5       52%         4


Dungeon Overview and Level Annotations

Branches:
Dungeon (2/15)

Altars:

Annotations:
D:2 Sigmund


Innate Abilities, Weirdness & Mutations

Your plain brown scales are hard. (AC +5)
You cannot fit into any form of body armour.
You are cold-blooded and may be slowed by cold attacks.


Message History

You bump into the rock wall.
You bump into the rock wall.
Sigmund hits you from afar with a +0 scythe.
Sigmund closely misses you.
You see here a bat corpse.
You miss Sigmund.
Sigmund is severely wounded.
You feel less confused.
You hit Sigmund but do no damage.
Sigmund is severely wounded.
Sigmund gestures at you while chanting. The magic dart hits you.
You hit Sigmund.
Sigmund is severely wounded.
Sigmund casts a spell at you.
You are confused.
You completely miss Sigmund.
Sigmund is severely wounded.
Sigmund gestures wildly while chanting.
Sigmund flickers and vanishes!
Deactivating autopickup; reactivate with Ctrl-A.
You miss something.
You hear some strange, mumbled words.
You are more confused.
Something hits you.
You hear some strange, mumbled words.
A magic dart appears from out of thin air!
The magic dart hits you. Something hits you.
You see here a bat corpse.
You completely miss something. Something hits you!
* * * LOW HITPOINT WARNING * * *
Okay, then.
You are too confused!
You hear some strange, mumbled words.
You are more confused.
There is a stone staircase leading down here.
You're too confused to move!
Something hits you.
You die...

#.......#<....####
##.....#.##..#.# #
...............#
#. #.#........###
... #....#.#...#
....##...#.....#
...............#
...........#.....
....##{†@..#.#.###
... #.#......... #
#.....#.####
#.......#
#.##.#### #. .# ..
.. #.. .# .. ..


There were no monsters in sight!

Vanquished Creatures
  5 bats
  5 endoplasms
  3 hobgoblins (D:1)
  4 jackals (D:1)
  3 quokkas (D:1)
  4 ball pythons (D:1)
  4 frilled lizards
  A goblin (D:1)
  3 kobolds (D:1)
  A rat (D:2)
33 creatures vanquished.

Vanquished Creatures (others)
  68 foxfires
68 creatures vanquished.

Grand Total: 101 creatures vanquished

Notes
Turn   | Place    | Note
-------+----------+-------------------------------------------
     0 | D:1      | garrulousMonolith the Draconian Fire Elementalist began the
                  | quest for the Orb.
     0 | D:1      | Reached XP level 1. HP: 14/14 MP: 3/3
   273 | D:1      | Reached XP level 2. HP: 22/22 MP: 0/5
   908 | D:1      | Reached XP level 3. HP: 10/27 MP: 0/6
  1108 | D:1      | Learned a level 2 spell: Scorch
  1547 | D:2      | Noticed Sigmund
  1575 | D:2      | Slain by Sigmund

Illustrated notes

Levels and vault maps discovered:
D:1:      minmay_arrival_widening_spiral_wide, layout_loops_cross
D:2:      layout_basic, basic_ecumenical_altar, minmay_between, uniq_sigmund,
          uniq_crazy_yiuf_cottage

Skill      XL: |  1  2  3 |
---------------+----------+-----
Dodging        | 2 |  2.0
Conjurations   | 2 |  2.0
Fighting       | |  0.7
Stealth        | |  1.7
Spellcasting   | |  2.2
Fire Magic     | |  3.3

Action                   || total
-------------------------++-------
Melee: Dagger            ||    38
       Tailslap          ||     3
 Cast: Foxfire           ||    41
       Scorch            ||     7
  Use: Scroll            ||     4
       Potion            ||     1
Armor: Skin              ||    47
Dodge: Dodged            ||   116

Table legend: (Time is in decaauts)
 A = Elapsed time spent in this place.
 B = Non-inter-level travel time spent in this place.
 C = Inter-level travel time spent in this place.
 D = Time resting spent in this place.
 E = Time spent auto-exploring this place.
 F = Levels seen in this place.
 G = Mean time per level.
                   A        B        C        D        E       F      G
               +--------+--------+--------+--------+--------+-----+--------+
         Total |   1577 |   1552 |     25 |    527 |    729 |   2 |  788.5 |
       Dungeon |   1577 |   1552 |     25 |    527 |    729 |   2 |  788.5 |
               +--------+--------+--------+--------+--------+-----+--------+

Top non-repeatable levels by time:
     D:1: 1422 daAuts
     D:2: 154 daAuts
